 Dungeon Crawl Stone Soup version 0.31-a0-182-gc5ef74bbde (webtiles) character file.

Game seed: 10111844552953731782

45 qw the Chopper (level 3, -1/23 HPs)
             Began as a Gargoyle Fighter on June 20, 2023.
             Slain by Terence
             ... wielding a +0 hand axe
              (6 damage)
             ... on level 2 of the Dungeon.
             The game lasted 00:00:33 (1162 turns).

qw the Chopper (Gargoyle Fighter)                   Turns: 1162, Time: 00:00:34

Health: -1/23      AC: 10    Str: 21    XL:     3   Next: 64%
Magic:  3/3        EV:  9    Int:  8    God:
Gold:   49         SH:  9    Dex:  9    Spells: 2/2 levels left

rFire   . . .        Y - +0 war axe
rCold   . . .        c - +0 buckler
rNeg    + . .        b - +0 scale mail
rPois   inf          (no helmet)
rElec   +            (no cloak)
rCorr   +            (no gloves)
SInv    .            (no boots)
Will    .....        e - amulet of reflection Stlth
                     o - ring of resist corrosion
HPRegen 0.23/turn    (no ring)
MPRegen 0.08/turn

%: reflection
@: no status effects
A: sickness immunity, AC +3, negative energy resistance 1, electricity
resistance, torment resistance 1, petrification resistance
a: no special abilities


You were on level 2 of the Dungeon.
You visited 1 branch of the dungeon, and saw 2 of its levels.

You collected 49 gold pieces.


Innate Abilities, Weirdness & Mutations

You are immune to sickness and miasma.
Your stone body is resilient. (AC +3)
You are immune to poison.
You resist negative energy. (rN+)
You are resistant to electric shocks. (rElec)
You are resistant to unholy torment.
You are immune to petrification.


   Skills:
 - Level 3.2 Fighting
 + Level 3.5 Axes
 - Level 3.2 Armour
 - Level 3.2 Shields


You had 2 spell levels left.
You didn't know any spells.
Your spell library was empty.

Inventory:

Hand Weapons
 i - a +0 flail
 Y - a +0 war axe (weapon)
Armour
 b - a +0 scale mail (worn)
 c - a +0 buckler (worn)
Jewellery
 e - an amulet of reflection (around neck)
 h - a ring of ice
 o - a ring of resist corrosion (left hand)
Potions
 d - a potion of might
 g - a potion of magic {unknown}
 l - 2 potions of degeneration {unknown}
 m - a potion of invisibility {unknown}
 q - a potion of resistance {unknown}

Dungeon Overview and Level Annotations

Branches:
Dungeon (2/15)

Altars:

Annotations:
D:2 Terence


Message History

You hit Terence but do no damage.
Terence is moderately wounded.
Terence hits you but does no damage.
You completely miss Terence.
Terence is moderately wounded.
Terence closely misses you.
You hit Terence but do no damage.
Terence is moderately wounded.
Terence hits you with a +0 hand axe. x2
You slash Terence!
Terence is severely wounded.
Terence hits you but does no damage.
You hit Terence.
Terence is almost dead.
Terence barely misses you.
You barely miss Terence.
Terence is almost dead.
Terence hits you but does no damage. x2
You completely miss Terence.
Terence is almost dead.
Terence completely misses you.
You closely miss Terence.
Terence is almost dead.
You block Terence's attack.
You barely miss Terence.
Terence is almost dead.
Terence barely misses you. x2
You closely miss Terence.
Terence is almost dead.
Terence hits you with a +0 hand axe.
You barely miss Terence.
Terence is almost dead.
Terence barely misses you.
You barely miss Terence.
Terence is almost dead.
You block Terence's attack. Terence closely misses you.
You hit Terence but do no damage.
Terence is almost dead.
Terence hits you with a +0 hand axe.
You die...

#.# #. #.# #. #.# #.
#####.# #
#.#####.....#
###.#...........#
.......####....<#####
#..........###......#
#$.$...@........~~~.#
#......@.#.####.~(~.##
#......#.#......~~~..#
#......#.#####.......#
#........# #...##..#
#..$...### #.####.##
#...... #.####.#
#...... #...[..#
###%####


You could see Terence.

Vanquished Creatures
  A gnoll (D:1)
  3 dart slugs
  A ball python (D:1)
  5 bats
  2 endoplasms (D:1)
  4 goblins (D:1)
  3 hobgoblins (D:1)
  2 kobolds (D:1)
  A quokka (D:1)
  2 frilled lizards
  3 rats (D:1)
27 creatures vanquished.

Notes
Turn   | Place    | Note
-------+----------+-------------------------------------------
     0 | D:1      | qw the Gargoyle Fighter began the quest for the Orb.
     0 | D:1      | Reached XP level 1. HP: 14/14 MP: 1/1
     0 | D:1      | 0 ||| qw: Version: 0.3-a-9-g12657ce
     0 | D:1      | 0 ||| qw: Game counter: 1485
     0 | D:1      | 0 ||| qw: Always use a shield: true
     0 | D:1      | 0 ||| qw: God list: Okawaru
     0 | D:1      | 0 ||| qw: Allow faded altars: false
     0 | D:1      | 0 ||| qw: Do Orc after D:15 true
     0 | D:1      | 0 ||| qw: Do second Lair branch before Depths: true
     0 | D:1      | 0 ||| qw: Lair rune preference: random
     0 | D:1      | 0 ||| qw: Plans: Normal, Zot:1-4, Slime:5, God:TSO, Crypt,
                  | Tomb, Abyss, Pan, Hells, Win
     0 | D:1      | 0 ||| PLANNING D:1-11
   109 | D:1      | Reached XP level 2. HP: 19/19 MP: 2/2
   436 | D:1      | Reached skill level 3 in Axes
   468 | D:1      | Reached XP level 3. HP: 23/23 MP: 3/3
   605 | D:1      | 605 ||| Stepping ~*~*~tactically~*~*~ (hiding).
   606 | D:1      | 606 ||| Stepping ~*~*~tactically~*~*~ (hiding).
  1051 | D:1      | 1051 ||| UPGRADING to amulet of reflection.
  1056 | D:1      | 1056 ||| UPGRADING to ring of resist corrosion.
  1057 | D:1      | 1057 ||| READING scroll labelled JENAGE PADA.
  1058 | D:1      | 1058 ||| READING scroll labelled VAIGAL CAZUFIS.
  1059 | D:1      | 1059 ||| READING scroll labelled JAOROF SUHUASE.
  1062 | D:1      | 1062 ||| READING scroll labelled XOSIATW CYIVAMM.
  1063 | D:1      | 1063 ||| READING scroll labelled ITIOB CORGH.
  1128 | D:2      | Noticed Terence
  1159 | D:2      | HP: 4/23 [Terence/+0 hand axe (4)]
  1162 | D:2      | Slain by Terence

Levels and vault maps discovered:
D:1:      dpeg_arrival_circle_labyrinth_a, layout_basic
D:2:      layout_basic, corexii_item_surrounded_by_moat, minmay_door_square,
          uniq_terence

Skill      XL: |  1  2 |
---------------+-------+-----
Axes           | 2 3 |  3.5
Fighting       | |  3.2
Armour         | |  3.2
Shields        | |  3.2

Action                     || total
---------------------------++-------
  Melee: War axe           ||   113
    Use: Scroll            ||     5
 Armour: Scale mail        ||    53
  Dodge: Dodged            ||    44
  Block: Buckler           ||    28

Table legend:
 A = Non-vault XP
 B = Vault XP
 C = Vault XP percentage of total XP
 D = Non-vault monster count
 E = Vault monster count
 F = Vault count percentage of total count
                 A         B        C        D         E       F
            +---------+---------+-------+---------+---------+-------
      Total |      65 |       0 |   0.0 |      27 |       0 |   0.0
            +---------+---------+-------+---------+---------+-------
        D:1 |      59 |       0 |   0.0 |      24 |       0 |   0.0
        D:2 |       6 |       0 |   0.0 |       3 |       0 |   0.0
            +---------+---------+-------+---------+---------+-------
